 Dungeon Crawl Stone Soup version 0.19.5 (webtiles) character file.

667 Loki the Digger (level 7, -1/60 HPs)
             Began as a Deep Dwarf Earth Elementalist on July 21, 2018.
             Slain by a mummy (14 damage)
             ... in an ossuary.
             The game lasted 00:42:36 (6649 turns).

Loki the Digger (Deep Dwarf Earth Elementalist)     Turns: 6649, Time: 00:42:37

Health: -1/60      AC:  7    Str: 11    XL:     7   Next: 31%
Magic:  10/11      EV: 13    Int: 18    God:
Gold:   232        SH:  0    Dex: 13    Spells: 4 memorised, 2 levels left

rFire  . . .     SeeInvis .     a - +1 whip (flame)
rCold  . . .     Gourm    .     c - +0 robe
rNeg   . . .     Faith    .     (no shield)
rPois  .         Spirit   .     H - +0 helmet
rElec  .         Reflect  .     (no cloak)
rCorr  .         Harm     .     f - +1 pair of gloves
MR     +....                    C - +1 pair of boots {run}
Stlth  ++........               (no amulet)
                                (no ring)
                                (no ring)

@: starving, non-regenerating, quick
A: damage resistance, recharge devices, sense surroundings 1, slow regeneration
3
a: Device Recharging


You were in an ossuary.
You were starving.

You visited 1 branch of the dungeon, and saw 4 of its levels.
You also visited: Ossuary.

You collected 232 gold pieces.

Inventory:

Hand Weapons
 a - a +1 whip of flaming (weapon)
 i - a +0 spear
 j - a +0 dagger
 k - a +0 spear
 n - a +0 short sword
 v - a +1 dagger of draining
 E - a +4 dagger
Missiles
 b - 28 stones (quivered)
 r - 34 arrows
 B - 15 bolts
 F - 25 poisoned needles
 I - 13 sling bullets
Armour
 c - a +0 robe (worn)
 f - a +1 pair of gloves (worn)
 C - a +1 pair of boots of running (worn)
 H - a +0 helmet (worn)
Jewellery
 L - an uncursed ring of magical power {unknown}
Wands
 d - a wand of heal wounds (3/9)
 y - a wand of confusion (23/48)
Scrolls
 h - a scroll of remove curse {unknown}
 l - a scroll of fog {unknown}
 m - 2 scrolls of identify {unknown}
 o - a scroll of amnesia {unknown}
 s - 3 scrolls of teleportation {unknown}
 t - a scroll of recharging {unknown}
 x - a scroll of fear {unknown}
 z - 3 scrolls of enchant weapon {unknown}
 D - a scroll of noise {unknown}
 G - a scroll of random uselessness {unknown}
Potions
 g - a potion of mutation {unknown}
 p - a potion of flight {unknown}
 q - a potion of agility
 u - a potion of degeneration
 w - 2 potions of curing {unknown}
 A - 2 potions of cure mutation {unknown}
Books
 e - a book of Geomancy

   Spells                             Type                      Level
   a - Sandblast                      Earth                        1
   b - Passwall                       Transmutation/Earth          2
   c - Stone Arrow                    Conjuration/Earth            3
   d - Petrify                        Transmutation/Earth          4
   e - Lee's Rapid Deconstruction     Earth                        5
 J - a book of Air

   Spells                             Type                      Level
   a - Shock                          Conjuration/Air              1
   b - Swiftness                      Charms/Air                   2
   c - Repel Missiles                 Charms/Air                   2
   d - Static Discharge               Conjuration/Air              3
   e - Lightning Bolt                 Conjuration/Air              5


   Skills:
 + Level 2.1 Fighting
 - Level 3.0 Dodging
 - Level 2.4 Stealth
 + Level 3.0 Spellcasting
 + Level 2.2 Conjurations
 + Level 1.3 Transmutations
 * Level 7.4 Earth Magic
 + Level 4.0 Evocations


You had 2 spell levels left.
You knew the following spells:

 Your Spells              Type           Power        Failure   Level  Hunger
a - Sandblast             Erth           ####..       1%          1    None
p - Petrify               Tmut/Erth      ###.....     28%         4    ####...
s - Stone Arrow           Conj/Erth      ###...       10%         3    ###....
w - Passwall              Tmut/Erth      ###.......   4%          2    ##.....


Dungeon Overview and Level Annotations

Branches:
Dungeon (4/15)
 Temple: D:4-7

Altars:
Cheibriados
Fedhas
Nemelex Xobeh

Annotations:
D:4 exclusion: worker ant, Xiguana's ghost, novice HEAE


Innate Abilities, Weirdness & Mutations

You are resistant to damage.
You can recharge devices by infusing magical energy.
You passively map a small area around you.
You do not regenerate.


Message History

You hit the hobgoblin zombie. You burn the hobgoblin zombie.
You destroy the hobgoblin zombie!
You open the door.
Found five items.
A mummy comes into view.
You found an alarm trap! x2
Found three items.
There is an open door here.
Unknown command.
The mummy hits you!!
You hit the mummy. You burn the mummy.
The mummy is heavily damaged.
You closely miss the mummy.
The mummy is heavily damaged.
The mummy hits you!
* * * LOW HITPOINT WARNING * * *
You barely miss the mummy.
The mummy is heavily damaged.
The mummy hits you!
You die...

######## ......##
, ,### ......## ,
.. ##..##......#
,..##....##M....#
*
...........@....#
...............##
.............##
#........##'# * ,
#......##^^#
,,,,##....##....
, , #....#.....?*
,, #....#....?!$
, ,#....#....?.$#


You could see a mummy.

Vanquished Creatures
  Grinder (D:3)
  A crimson imp (D:3)
  3 hounds (D:4)
  An orc wizard (D:4)
  Terence (D:2)
  2 worker ants (D:4)
  5 mummies (Ossuary)
  6 adders
  A shadow imp (D:3)
  An ooze (D:1)
  An adder skeleton (D:4)
  2 worms (D:2)
  5 dart slugs
  3 leopard geckos
  9 orcs
  3 ball pythons
  5 giant cockroaches
  6 goblins
  4 hobgoblins
  4 jackals (D:1)
  9 kobolds
  A quokka (D:2)
  3 bats
  7 frilled lizards
  2 hobgoblin zombies (Ossuary)
  2 kobold zombies (Ossuary)
  A leopard gecko skeleton (D:1)
  4 orc zombies (Ossuary)
  A quokka skeleton (D:4)
  10 rats
104 creatures vanquished.

Notes
Turn   | Place    | Note
-------+----------+-------------------------------------------
     0 | D:1      | Loki the Deep Dwarf Earth Elementalist began the quest for the Orb.
     0 | D:1      | Reached XP level 1. HP: 15/15 MP: 3/3
   726 | D:1      | Reached skill level 1 in Evocations
   739 | D:1      | Reached XP level 2. HP: 20/22 MP: 2/4
   770 | D:1      | Learned a level 2 spell: Passwall
  1600 | D:1      | Reached XP level 3. HP: 18/28 MP: 2/6
  1781 | D:1      | Found a sparkling altar of Nemelex Xobeh.
  2043 | D:2      | Found a blossoming altar of Fedhas.
  2119 | D:2      | Learned a level 3 spell: Stone Arrow
  2849 | D:2      | Noticed Terence
  3063 | D:2      | Reached skill level 5 in Earth Magic
  3560 | D:2      | Killed Terence
  3560 | D:2      | Reached XP level 4. HP: 16/37 MP: 0/7
  4221 | D:3      | Identified a +1 pair of boots of running (You found it on level 3 of the Dungeon)
  4509 | D:3      | Reached XP level 5. HP: 19/43 MP: 4/8
  4605 | D:3      | Noticed Grinder
  4947 | D:3      | Found a snail-covered altar of Cheibriados.
  5007 | D:3      | Reached skill level 6 in Earth Magic
  5237 | D:3      | Killed Grinder
  5237 | D:3      | Reached skill level 1 in Fighting
  5237 | D:3      | Reached skill level 1 in Conjurations
  5237 | D:3      | Reached XP level 6. HP: 21/51 MP: 2/10
  5399 | D:3      | Learned a level 4 spell: Petrify
  5676 | D:4      | Noticed Xiguana's ghost (novice HEAE)
  5803 | D:4      | Reached skill level 1 in Transmutations
  5884 | D:4      | Reached skill level 7 in Earth Magic
  5973 | D:4      | Reached XP level 7. HP: 24/60 MP: 1/11
  6197 | D:4      | Found a sand-covered staircase.
  6204 | Ossuary  | Entered an ossuary
  6649 | Ossuary  | Slain by a mummy

Skill      XL: |  1  2  3  4  5  6  7 |
---------------+----------------------+-----
Evocations     | 1 2 3 4 |  4.0
Spellcasting   | 2 3 |  3.0
Dodging        | 3 |  3.0
Earth Magic    | 5 6 7 |  7.4
Fighting       | 1 2 |  2.1
Conjurations   | 1 2 |  2.2
Transmutations | 1 |  1.3
Stealth        | |  2.4

Action                   |  1- 3 |  4- 6 |  7- 9 || total
-------------------------+-------+-------+-------++-------
Melee: Unarmed           |     6 |     1 |       ||     7
       Spear             |     9 |       |       ||     9
       Whip              |       |    15 |    36 ||    51
 Cast: Sandblast         |   110 |    69 |     8 ||   187
       Stone Arrow       |     7 |     8 |    13 ||    28
Evoke: Wand              |     1 |     1 |     1 ||     3
  Use: Potion            |     2 |       |       ||     2
 Stab: Sleeping          |       |     1 |       ||     1
  Eat: Chunk             |     5 |     2 |       ||     7
       Meat ration       |     1 |     1 |       ||     2
       Bread ration      |     1 |       |       ||     1
Armor: Robe              |    21 |    12 |     6 ||    39
Dodge: Dodged            |    53 |    25 |    18 ||    96
